 Dungeon Crawl Stone Soup version 0.28.0-49-g6dfe1f597d (webtiles) character file.

Game seed: 405311432528875312

517 bnorton916 the Firebug (level 7, -6/36 HPs)
             Began as a Deep Elf Fire Elementalist on May 15, 2022.
             Was an Initiate of Gozag.
             Mangled by a gnoll
             ... wielding a +0 flail
              (7 damage)
             ... on level 5 of the Dungeon.
             The game lasted 00:04:21 (5505 turns).

bnorton916 the Firebug (Deep Elf Fire Elementalist) Turns: 5505, Time: 00:04:22

Health: -6/36      AC:  7    Str:  5    XL:     7   Next: 0%
Magic:  0/16       EV: 12    Int: 22    God:    Gozag
Gold:   247        SH:  0    Dex: 15    Spells: 10/16 levels left

rFire   . . .      SeeInvis .   (no weapon)
rCold   . . .      Faith    .   (no shield)
rNeg    . . .      Spirit   .   a - +0 robe
rPois   .          Reflect  .   (no helmet)
rElec   .          Harm     .   h - +0 cloak
rCorr   .          Rampage  .   (no gloves)
Will    .....                   (no boots)
Stlth   ++........              (no amulet)
HPRegen 0.12/turn               e - +4 ring of protection
MPRegen 0.15/turn               (no ring)

@: gold aura
A: no striking features
a: Renounce Religion, Potion Petition, Call Merchant, Bribe Branch


You were on level 5 of the Dungeon.
You worshipped Gozag.
Gozag was aware of your devotion.
You visited 2 branches of the dungeon, and saw 6 of its levels.

You collected 314 gold pieces.
You paid 67 gold pieces to Gozag.

Inventory:

Hand Weapons
 m - a +1 vampiric falchion
 q - a +2 short sword of holy wrath
 t - a +1 whip of freezing
Missiles
 p - 2 javelins
 r - 5 poisoned darts
Armour
 a - a +0 robe (worn)
 h - a +0 cloak (worn)
Jewellery
 e - a +4 ring of protection (left hand)
Wands
 v - a wand of flame (27)
Scrolls
 c - a scroll of magic mapping {unknown}
 d - a scroll of enchant weapon {unknown}
 i - a scroll of fog {unknown}
 j - 4 scrolls of identify {unknown}
 l - a scroll of immolation {unknown}
 o - 2 scrolls of teleportation {unknown}
 u - a scroll of vulnerability {unknown}
Potions
 b - 2 potions of might {unknown}
 f - a potion of invisibility {unknown}
 g - a potion of berserk rage {unknown}
 k - a potion of heal wounds {unknown}
 n - a potion of mutation {unknown}
 s - a potion of experience {unknown}


   Skills:
 - Level 2.4 Dodging
 - Level 2.4 Stealth
 - Level 5.0 Spellcasting
 + Level 5.1 Conjurations
 + Level 6.1 Fire Magic


You had 10 spell levels left.
You knew the following spells:

 Your Spells              Type           Power      Damage    Failure   Level
a - Foxfire               Conj/Fire      100%       2x1d9     1%          1
b - Scorch                Fire           64%        2d8       1%          2
c - Conjure Flame         Conj/Fire      30%        6-21      3%          3

Your spell library contained the following spells:

 Spells                   Type           Power      Damage    Failure   Level
 Inner Flame              Hex/Fire       19%        N/A       9%          3
 Flame Wave               Conj/Fire      30%        2d8       10%         4
 Corpse Rot               Necr/Air       10%        N/A       16%         2
 Poisonous Vapours        Pois/Air       10%        N/A       16%         2


Dungeon Overview and Level Annotations

Branches:
Dungeon (5/15)             Temple (1/1) D:4

Altars:
Cheibriados
Dithmenos
Elyvilon
Fedhas
Gozag
Hepliaklqana
Nemelex Xobeh
Okawaru
Ru
Sif Muna
Trog
Uskayaw
Vehumet
Xom
Yredelemnul
The Shining One


Message History

The gnoll's fire resistance burns away.
The gnoll hits you from afar with a +0 halberd!
The gnoll barely misses you.
Unknown command.
The gnoll closely misses you.
Casting: Scorch (safe; 1% risk of failure)
Confirm with . or Enter, or press ? or * to list all spells.
Flames lash the gnoll.
The gnoll is moderately wounded.
The gnoll's fire resistance burns away.
The gnoll hits you but does no damage.
The gnoll is distracted by your dazzling golden aura.
The gnoll is no longer more vulnerable to fire.
The gnoll hits you with a +0 flail!
The gnoll shouts!
Unknown command.
Casting: Scorch (safe; 1% risk of failure)
Confirm with . or Enter, or press ? or * to list all spells.
Flames lash the gnoll.
The gnoll is burned terribly!
The gnoll is severely wounded.
The gnoll is no longer distracted by gold.
The gnoll closely misses you. The gnoll closely misses you.
Unknown command.
Casting: Scorch (safe; 1% risk of failure)
Confirm with . or Enter, or press ? or * to list all spells.
Flames lash the gnoll.
The gnoll is almost dead.
The gnoll's fire resistance burns away.
The gnoll barely misses you.
The gnoll is no longer more vulnerable to fire.
The gnoll closely misses you. The gnoll hits you with a +0 flail.
* * * LOW HITPOINT WARNING * * *
Unknown command.
The gnoll closely misses you.
The gnoll hits you from afar with a +0 halberd.
* * * LOW HITPOINT WARNING * * *
Casting: Scorch (safe; 1% risk of failure)
Confirm with . or Enter, or press ? or * to list all spells.
You conjure some foxfire!
The gnoll hits you with a +0 flail!
You die...
Your body crumbles into a pile of gold.

#.................
#.###..###...####.###.
...##..####.#####.# ###
#..##.............# ..#
#..##...###.####### #.#
#..##...###.# #.#
#...........#
#.#.###.####.##.v.#####
...?$..$.)...g.@..#
#.#.####$.....gv...#
#####.##..#.....
...##..######
.........# ..........#
###########


You could see 2 gnolls.

Vanquished Creatures
  A black bear (D:3)
  A necrophage (D:5)
  A jelly (D:4)
  A hound (D:4)
  2 gnoll shamans
  A killer bee zombie (D:3)
  A hound skeleton (D:4)
  8 gnolls
  3 adders
  An ufetubus (D:2)
  4 worms (D:2)
  A dart slug (D:1)
  2 orcs (D:3)
  4 endoplasms
  A giant cockroach (D:4)
  7 goblins
  10 hobgoblins
  A jackal (D:1)
  7 kobolds
  2 quokkas
  6 ball pythons
  5 bats
  2 frilled lizards (D:1)
  6 rats
78 creatures vanquished.

Vanquished Creatures (others)
  296 foxfires
  A plant (D:2)
297 creatures vanquished.

Grand Total: 375 creatures vanquished

Notes
Turn   | Place    | Note
-------+----------+-------------------------------------------
     0 | D:1      | bnorton916 the Deep Elf Fire Elementalist began the quest
                  | for the Orb.
     0 | D:1      | Reached XP level 1. HP: 10/10 MP: 6/6
   171 | D:1      | Reached XP level 2. HP: 15/15 MP: 2/8
  1029 | D:2      | Reached XP level 3. HP: 15/19 MP: 6/10
  1032 | D:2      | Learned a level 2 spell: Scorch
  1036 | D:2      | Learned a level 3 spell: Conjure Flame
  1424 | D:2      | Reached skill level 4 in Fire Magic
  1745 | D:2      | Reached XP level 4. HP: 24/24 MP: 9/12
  2610 | D:3      | Noticed a black bear
  2617 | D:3      | Killed a black bear
  2618 | D:3      | Reached skill level 5 in Spellcasting
  2618 | D:3      | Reached XP level 5. HP: 16/28 MP: 6/14
  3287 | D:3      | Found a sparkling altar of Nemelex Xobeh.
  3477 | D:3      | Found a bloodstained altar of Trog.
  3798 | D:4      | Found a staircase to the Ecumenical Temple.
  3807 | D:4      | Reached skill level 5 in Fire Magic
  3820 | Temple   | Entered the Ecumenical Temple
  4047 | Temple   | Became a worshipper of Gozag Ym Sagoz the Greedy
  4198 | D:4      | Reached XP level 6. HP: 23/32 MP: 9/15
  5426 | D:5      | Entered Level 5 of the Dungeon
  5463 | D:5      | Reached skill level 6 in Fire Magic
  5480 | D:5      | Reached skill level 5 in Conjurations
  5490 | D:5      | Reached XP level 7. HP: 32/36 MP: 6/16
  5504 | D:5      | HP: 1/36 [gnoll/+0 halberd (6)]
  5505 | D:5      | Mangled by a gnoll

Illustrated notes

Levels and vault maps discovered:
D:1:      dpeg_arrival_ternary, layout_loops_ring
D:2:      cheibrodos_old_hovel, layout_basic, minmay_pentomino_w4
D:3:      layout_loops_cross, nemelex_spade_bored_becter,
          lightli_temple_of_fire, kennysheep_minor_cross
D:4:      layout_loops_ring, minmay_temple_entry_grid,
          chequers_serial_rivers_room_b
D:5:      layout_loops_ring, bh_walls_and_bars
Temple:   dpeg_chambers_temple

Skill      XL: |  1  2  3  4  5  6 |
---------------+-------------------+-----
Conjurations   | 2 3 4 5 |  5.1
Spellcasting   | 4 5 |  5.0
Fire Magic     | 4 5 6 |  6.1
Dodging        | |  2.4
Stealth        | |  2.4

Action                   |  1- 3 |  4- 6 |  7- 9 || total
-------------------------+-------+-------+-------++-------
 Cast: Foxfire           |    74 |   113 |     1 ||   188
       Scorch            |     4 |    19 |     4 ||    27
Armor: Robe              |     4 |    17 |     1 ||    22
Dodge: Dodged            |    16 |    42 |     7 ||    65
